 Dungeon Crawl Stone Soup version 0.29.1-2-gbd0b4ee654 (webtiles) character file.

Game seed: 11780294769908129369

6796 RascalDebosk the Thaumaturge (level 11, -1/82 HPs)
             Began as a Djinni Air Elementalist on Oct 25, 2022.
             Was an Initiate of Ashenzari.
             Slain by a yak (3 damage)
             ... on level 8 of the Dungeon.
             The game lasted 01:06:37 (12922 turns).

RascalDebosk the Thaumaturge (DjAE)                Turns: 12922, Time: 01:06:37

Health: -1/82      AC: 12    Str:  7    XL:     11   Next: 25%
Gold:   69         EV:  9    Int: 25    God:    Ashenzari [......] SH: 10 Dex: 18

rFire   + + .      SeeInvis .   C - +9 double sword "Yceowk" {vorpal, rPois Int+3 Stlth+}
rCold   . . .      Faith    .   l - +0 kite shield
rNeg    + . .      Spirit   .   B - +3 ring mail {rC+}
rPois   ∞          Reflect  .   K - +0 helmet of Tenacity {Contam Dex+5}
rElec   .          Harm     .   r - +0 cloak
rCorr   .          Rampage  .   j - +0 pair of gloves
Will    +....                   (boots unavailable)
Stlth   ++........              n - amulet of the acrobat
HPRegen 0.23/turn               e - ring of positive energy
MPRegen 0.00/turn               (no ring)

@: flying, studying Spellcasting
A: sickness immunity, fire resistance 2, cold vulnerability 1, float, innate
caster, HP casting, extra vitality 1
a: Renounce Religion


You were on level 8 of the Dungeon.
You worshipped Ashenzari.
Ashenzari was noncommittal.
You visited 2 branches of the dungeon, and saw 9 of its levels.

You collected 469 gold pieces.
You spent 400 gold pieces at shops.

Inventory:

Hand Weapons
 C - the +9 double sword "Yceowk" (weapon) {vorpal, rPois Int+3 Stlth+}
   (You found it on level 6 of the Dungeon)

   It inflicts extra damage upon your enemies.
   Int:       It affects your intelligence (+3).
   rPois:     It protects you from poison.
   Stlth:     It makes you more stealthy.
 E - a +6 rapier of flaming
Armour
 j - a +0 pair of gloves (worn)
 l - a +0 kite shield (worn)
 r - a +0 cloak (worn)
 B - a +3 ring mail of cold resistance (worn)
 K - the +0 helmet of Tenacity (worn) {Contam Dex+5}
   (You bought it in a shop on level 8 of the Dungeon)

   Dex:       It affects your dexterity (+5).
   Contam:    It causes magical contamination when unequipped.
Magical Staves
 F - a staff of poison
 G - a staff of conjuration
Jewellery
 e - a ring of positive energy (left hand)
 h - an amulet of faith
 n - an amulet of the acrobat (around neck)
 w - a ring of ice
Wands
 a - a wand of iceblast (6)
 z - a wand of polymorph (10)
 A - a wand of charming (6)
 H - a wand of flame (23)
Scrolls
 b - a scroll of magic mapping {unknown}
 g - a scroll of fog {unknown}
 i - a scroll of identify
 m - a scroll of blinking {unknown}
 t - 3 scrolls of teleportation
 u - a scroll of torment {unknown}
 v - a scroll of fear {unknown}
 y - a scroll of brand weapon {unknown}
 D - a scroll of enchant armour {unknown}
 M - a scroll of immolation {unknown}
Potions
 c - 2 potions of degeneration
 d - 6 potions of curing
 f - a potion of might
 k - 2 potions of berserk rage
 o - a potion of lignification
 p - 3 potions of heal wounds
 q - a potion of ambrosia {unknown}
 s - a potion of cancellation {unknown}
 x - 2 potions of mutation {unknown}
 I - a potion of attraction {unknown}
 J - a potion of resistance {unknown}
 L - a potion of flight {unknown}


   Skills:
 + Level 8.4 Fighting
 - Level 5.0 Armour
 - Level 2.1 Dodging
 - Level 1.5 Stealth
 - Level 5.0 Shields
 * Level 10.5 Spellcasting
 + Level 2.4 Evocations


You had 9 spell levels left.
You knew the following spells:

 Your Spells              Type           Power      Damage    Failure   Level
a - Shock                 Conj/Air       100%       1d9       1%          1
b - Static Discharge      Conj/Air       60%        3-11/arc  1%          2
c - Swiftness             Air            60%        N/A       1%          3
d - Airstrike             Air            30%        2d(5-21)  5%          4
e - Apportation           Tloc           100%       N/A       1%          1
f - Ensorcelled Hibernat  Hex/Ice        100%       N/A       1%          2
g - Searing Ray           Conj           100%       2d8       1%          2
h - Confusing Touch       Hex            60%        N/A       1%          3
i - Summon Ice Beast      Ice/Summ       60%        N/A       5%          4
Your spell library was empty.

Dungeon Overview and Level Annotations

Branches:
Dungeon (8/15)             Temple (1/1) D:7            Lair (0/5) D:8

Altars:
Ashenzari
Cheibriados
Dithmenos
Elyvilon
Fedhas
Gozag
Hepliaklqana
Makhleb
Nemelex Xobeh
Okawaru
Qazlal
Ru
Trog
Uskayaw
Wu Jian
Xom
Yredelemnul
Zin
The Shining One

Shops:
D:2 *   D:8 *


Innate Abilities, Weirdness & Mutations

You are immune to sickness and miasma.
You are immune to poison.
Your flesh is very heat resistant. (rF++)
You are vulnerable to cold. (rC-)
You float through the air rather than walking.
You learn spells naturally, not from books.
Your magical power is your life essence.
You have superior vitality. (+4 MHP)


Message History

An orc wizard comes into view. It is wielding a +0 dagger.
You block the yak's attack. x2
An orc warrior comes into view. It is wielding a +0 flail.
Casting: Searing Ray (safe; 1% risk of failure)
Confirm with . or Enter, or press ? or * to list all spells.
The yak is struck by an arc of lightning.
The yak is heavily wounded.
You are struck by an arc of lightning.
The yak is struck by an arc of lightning!
You kill the yak!
The yak is struck by an arc of lightning!
The yak is heavily wounded.
The lightning grounds out.
The orc warrior shouts!
The orc wizard shouts!
The yak gores you! The yak barely misses you.
Casting: Static Discharge (safe; 1% risk of failure)
Confirm with . or Enter, or press ? or * to list all spells.
The yak is struck by an arc of lightning.
The yak is heavily wounded.
You are struck by an arc of lightning.
The yak is struck by an arc of lightning.
The yak is severely wounded.
The yak is struck by an arc of lightning.
The yak is lightly wounded.
The lightning grounds out.
The orc wizard casts a spell.
The orc wizard flickers and vanishes!
Deactivating autopickup; reactivate with Ctrl-A.
You block the yak's attack.
Casting: Static Discharge (safe; 1% risk of failure)
Confirm with . or Enter, or press ? or * to list all spells.
The yak is struck by an arc of lightning!
The yak is severely wounded.
You are struck by an arc of lightning.
* * * LOW HITPOINT WARNING * * *
The lightning grounds out.
The yak is struck by an arc of lightning.
The yak is severely wounded.
You are struck by an arc of lightning.
* * * LOW HITPOINT WARNING * * *
The lightning grounds out.
* * * LOW HITPOINT WARNING * * *
The yak gores you but does no damage. The yak gores you.
* * * LOW HITPOINT WARNING * * *
Casting: Static Discharge (safe; 1% risk of failure)
Confirm with . or Enter, or press ? or * to list all spells.
The yak is struck by an arc of lightning!
The yak is almost dead.
You are struck by an arc of lightning.
* * * LOW HITPOINT WARNING * * *
The yak is struck by an arc of lightning!
You kill the yak!
The yak is struck by an arc of lightning!
The yak is moderately wounded.
You are struck by an arc of lightning.
* * * LOW HITPOINT WARNING * * *
The lightning grounds out.
* * * LOW HITPOINT WARNING * * *
The yak gores you but does no damage. You block the yak's attack.
The yak gores you!
* * * LOW HITPOINT WARNING * * *
Your Evocations skill increases to level 2!
Unknown command.
The yak gores you!
* * * LOW HITPOINT WARNING * * *
Casting: Static Discharge (safe; 1% risk of failure)
Confirm with . or Enter, or press ? or * to list all spells.
The yak is struck by an arc of lightning!
The yak is severely wounded.
You are struck by an arc of lightning.
* * * LOW HITPOINT WARNING * * *
The yak is struck by an arc of lightning!
The yak is almost dead.
The lightning grounds out.
The yak is struck by an arc of lightning!
You kill the yak!
The yak is struck by an arc of lightning.
The yak is lightly wounded.
The orc warrior is struck by an arc of lightning!
The orc warrior is moderately wounded.
The yak is struck by an arc of lightning.
The yak is moderately wounded.
The yak is struck by an arc of lightning!
The yak is almost dead.
The yak is struck by an arc of lightning.
The yak is moderately wounded.
The lightning grounds out.
* * * LOW HITPOINT WARNING * * *
The yak gores you but does no damage.
You slice the yak!!
You kill the yak!
You block the yak's attack.
An orc priest comes into view. It is wielding a +0 flail.
The orc warrior hits you but does no damage.
The yak gores you but does no damage.
The orc priest shouts!
You slice the yak!!
The yak is almost dead.
The yak gores you.
You die...

....# #...# #o..#
#...#.......# #..
#.).#.......# #..
#.†.#.......# #..
#...##......# #..
##Yo†##......# #.≈
#.@..........# #~~
#............# #≈~
#............# #≈≈
#######.####.##..#####≈≈
#.)..##.####.##.......≈≈
#............#..).....~≈
#....)..>....#..))....~.
#.......)....#.))...)...
#.......##+####.).##....


You could see a yak, an orc warrior and an orc priest.

Vanquished Creatures
  A gargoyle (D:6)
  An unseen horror (D:6)
  2 kobold demonologists
  Sigmund (D:6)
  10 yaks
  A wyvern (D:8)
  A steam dragon (D:5)
  A vampire mosquito (D:6)
  Edmund (D:6)
  4 water moccasins
  An ice beast (D:6)
  3 orc warriors
  2 black bears
  A sky beast (D:8)
  2 ogres
  A wolf (D:8)
  5 centaurs
  A phantom (D:5)
  A kobold brigand (D:8)
  3 bullfrogs
  A necrophage (D:8)
  4 scorpions
  3 electric eels (D:8)
  5 howler monkeys
  5 hounds
  2 jellies
  Crazy Yiuf (D:6)
  A gnoll bouda (D:6)
  2 orc priests
  5 orc wizards
  5 gnolls (D:6)
  15 adders
  A shadow imp (D:6)
  An ufetubus (D:5)
  A dart slug (D:1)
  34 orcs
  6 ball pythons
  5 endoplasms
  2 giant cockroaches
  9 goblins
  3 hobgoblins
  11 jackals
  7 kobolds
  3 quokkas
  6 bats
  A frilled lizard (D:1)
  4 rats (D:1)
186 creatures vanquished.

Vanquished Creatures (collateral kills)
  A wolf (D:8)
  3 hounds (D:8)
4 creatures vanquished.

Grand Total: 190 creatures vanquished

Notes
Turn   | Place    | Note
-------+----------+-------------------------------------------
     0 | D:1      | RascalDebosk the Djinni Air Elementalist began the quest
                  | for the Orb.
     0 | D:1      | RascalDebosk set off with the following spells memorised:
                  | Shock, Static Discharge, Swiftness, Airstrike.
     0 | D:1      | Reached XP level 1. HP: 15/15 MP: 0/0
   255 | D:1      | Reached XP level 2. HP: 20/22 MP: 0/0
   551 | D:1      | Reached skill level 1 in Fighting
   974 | D:1      | Reached skill level 3 in Spellcasting
   974 | D:1      | Reached XP level 3. HP: 22/27 MP: 0/0
   974 | D:1      | Learned a level 1 spell: Apportation
  1646 | D:2      | Found a faded altar of an unknown god.
  2063 | D:2      | Reached XP level 4. HP: 14/33 MP: 0/0
  2423 | D:2      | Found a blossoming altar of Fedhas.
  2624 | D:2      | Found Itraen's General Store.
  3742 | D:4      | Noticed a scorpion
  3748 | D:4      | Killed a scorpion
  3749 | D:4      | Reached XP level 5. HP: 33/39 MP: 0/0
  3749 | D:4      | Learned a level 2 spell: Ensorcelled Hibernation
  4031 | D:4      | Reached skill level 4 in Spellcasting
  4687 | D:4      | Reached XP level 6. HP: 38/45 MP: 0/0
  4993 | D:5      | Entered Level 5 of the Dungeon
  5005 | D:5      | Reached skill level 1 in Shields
  5010 | D:5      | Noticed a steam dragon
  5018 | D:5      | Killed a steam dragon
  5019 | D:5      | Reached XP level 7. HP: 23/50 MP: 0/0
  5019 | D:5      | Learned a level 2 spell: Searing Ray
  5553 | D:5      | Reached skill level 5 in Spellcasting
  5566 | D:5      | Reached XP level 8. HP: 6/58 MP: 0/0
  6716 | D:6      | Found an iron altar of Okawaru.
  6725 | D:6      | Found a stormy altar of Qazlal.
  6814 | D:6      | Reached skill level 6 in Spellcasting
  6969 | D:6      | Reached skill level 5 in Fighting
  7053 | D:6      | Noticed Edmund
  7060 | D:6      | Killed Edmund
  7061 | D:6      | Reached XP level 9. HP: 24/65 MP: 0/0
  7061 | D:6      | Learned a level 3 spell: Confusing Touch
  7411 | D:6      | Found a large runed translucent door.
  7411 | D:6      | Found a large runed translucent door.
  7430 | D:6      | Noticed a kobold demonologist
  7584 | D:6      | Noticed an orange demon
  7586 | D:6      | Noticed an ice devil
  7589 | D:6      | Killed a kobold demonologist
  7590 | D:6      | Reached skill level 5 in Shields
  7590 | D:6      | Reached skill level 7 in Spellcasting
  7786 | D:6      | Found a large runed translucent door.
  7786 | D:6      | Found a large runed translucent door.
  7791 | D:6      | Identified the +9 double sword "Yceowk" {vorpal, rPois
                  | Int+3 Stlth+}
  7839 | D:6      | Reached skill level 1 in Armour
  7912 | D:6      | HP: 2/66 [/static electricity (1)]
  7912 | D:6      | Killed an unseen horror
  8288 | D:6      | Noticed Sigmund
  8300 | D:6      | Killed Sigmund
  8912 | D:6      | Reached XP level 10. HP: 60/73 MP: 0/0
  8912 | D:6      | Noticed a gargoyle
  8922 | D:6      | Killed a gargoyle
  9264 | D:6      | Found a runed translucent door.
  9265 | D:6      | Noticed Crazy Yiuf
  9336 | D:6      | Killed Crazy Yiuf
  9337 | D:6      | Reached skill level 8 in Spellcasting
  9603 | D:7      | Identified the +1 robe "Fukuili Yson" {Will+}
  9612 | D:7      | Found a staircase to the Ecumenical Temple.
 10864 | Temple   | Entered the Ecumenical Temple
 11123 | Temple   | Became a worshipper of Ashenzari the Shackled
 11547 | D:7      | Reached skill level 9 in Spellcasting
 11846 | D:8      | Noticed a kobold demonologist
 11848 | D:8      | Killed a kobold demonologist
 12145 | D:8      | Reached XP level 11. HP: 49/81 MP: 0/0
 12145 | D:8      | Learned a level 4 spell: Summon Ice Beast
 12149 | D:8      | Reached skill level 5 in Armour
 12472 | D:8      | Found a staircase to the Lair.
 12533 | D:8      | Reached skill level 1 in Evocations
 12617 | D:8      | Reached skill level 10 in Spellcasting
 12864 | D:8      | Found Nareox's Assorted Antiques.
 12874 | D:8      | Bought an emerald potion for 29 gold pieces
 12874 | D:8      | Bought a brown potion for 29 gold pieces
 12874 | D:8      | Bought a dazzling helmet for 313 gold pieces
 12874 | D:8      | Identified the +0 helmet of Tenacity {Contam Dex+5} (You
                  | bought it in a shop on level 8 of the Dungeon)
 12874 | D:8      | Bought a coppery potion for 29 gold pieces
 12920 | D:8      | HP: 1/81 [/static electricity (2)]
 12922 | D:8      | Slain by a yak

Illustrated notes

Levels and vault maps discovered:
D:1:      minmay_arrival_diagonal_passages, layout_basic, minmay_pentomino_s4
D:2:      layout_basic, serial_shops, nicolae_lakefront_shop, basic_altar,
          nicolae_ecumenical_oubliette
D:3:      layout_loops_corners, patterned_corridor
D:4:      layout_basic, serial_curves, eino_curves_03, eino_curves_01,
          chequers_serial_rivers_small_a, kennysheep_boxes
D:5:      layout_layer_cave, nicolae_ossuary_entry_plus
D:6:      layout_gridville, mainiacjoe_overflow_swirl,
          minmay_hollow_rounded_squares, uniq_sigmund, uniq_crazy_yiuf_cottage,
          uniq_edmund
D:7:      layout_layer_cave, minmay_temple_entry_mist, enter_bailey_5,
          minmay_manual_monolith
D:8:      layout_gridville, erik_lair_island, minmay_shop_grid_forest
Temple:   mainiacjoe_temple_big_plus

Skill      XL: |  1  2  3  4  5  6  7  8  9 10 11 |
---------------+----------------------------------+-----
Fighting       | 1 2 3 4 5 6 7 8 |  8.4
Spellcasting   | 3 4 5 6 7 9 10 | 10.5
Shields        | 1 2 4 5 |  5.0
Armour         | 2 4 5 |  5.0
Evocations     | 2 |  2.4
Dodging        | |  2.1
Stealth        | |  1.5

Action                   |  1- 3 |  4- 6 |  7- 9 | 10-12 || total
-------------------------+-------+-------+-------+-------++-------
Melee: Double sword      |       |       |       |    15 ||    15
 Cast: Shock             |    74 |    79 |    94 |    78 ||   325
       Static Discharge  |     3 |     4 |    43 |    22 ||    72
       Airstrike         |       |       |     4 |    16 ||    20
       Searing Ray       |       |       |     3 |    15 ||    18
       Summon Ice Beast  |       |       |       |     4 ||     4
  Use: Scroll            |       |     6 |     7 |       ||    13
Armor: Robe              |     1 |       |     4 |       ||     5
       Ring mail         |       |       |     7 |    21 ||    28
Dodge: Dodged            |    13 |    16 |    23 |    29 ||    81
Block: Kite shield       |       |       |    10 |    30 ||    40
